 Dungeon Crawl Stone Soup version 0.29.1-13-g9f3cf754e1 (webtiles) character file.

Game seed: 2580330418790080631

27 protoss039 the Digger (level 2, 0/21 HPs)
             Began as a Demonspawn Earth Elementalist on Feb 8, 2023.
             Slain by Crazy Yiuf
             ... wielding a +3 quarterstaff of chaos
              (3 damage)
             ... on level 2 of the Dungeon.
             The game lasted 00:01:26 (1805 turns).

protoss039 the Digger (DsEE)                        Turns: 1805, Time: 00:01:27

Health: 0/21       AC:  3    Str: 14    XL:     2   Next: 93%
Magic:  4/5        EV: 12    Int: 16    God:
Gold:   71         SH:  0    Dex: 13    Spells: 2/5 levels left

rFire   . . .      SeeInvis .   d - +0 dagger
rCold   . . .      Faith    .   (no shield)
rNeg    . . .      Spirit   .   a - +0 robe
rPois   .          Reflect  .   (no helmet)
rElec   .          Harm     .   i - +0 cloak
rCorr   .          Rampage  .   (no gloves)
Will    .....                   (no boots)
Stlth   ++........              (no amulet)
HPRegen 0.07/turn               e - +6 ring of strength
MPRegen 0.09/turn               (no ring)

@: no status effects
A: powered by death 1
a: no special abilities


You were on level 2 of the Dungeon.
You visited 1 branch of the dungeon, and saw 2 of its levels.

You collected 71 gold pieces.

Inventory:

Hand Weapons
 d - a +0 dagger (weapon)
Armour
 a - a +0 robe (worn)
 i - a +0 cloak (worn)
Jewellery
 e - a +6 ring of strength (left hand)
 h - a +4 ring of evasion
Scrolls
 c - a scroll of identify {unknown}
 f - a scroll of poison {unknown}
 g - a scroll of fog {unknown}
Potions
 b - a potion of magic


   Skills:
 + Level 1.3 Fighting
 - Level 1.7 Dodging
 - Level 1.7 Stealth
 + Level 2.4 Spellcasting
 - Level 0.8 Transmutations
 + Level 3.1 Earth Magic


You had 2 spell levels left.
You knew the following spells:

 Your Spells              Type           Power      Damage    Failure   Level
a - Sandblast             Erth           22%        2d7       5%          1
b - Passwall              Tmut/Erth      6%         N/A       13%         2

Your spell library contained the following spells:

 Spells                   Type           Power      Damage    Failure   Level
 Sting                    Tmut/Pois      12%        1d3       17%         1
 Poisonous Vapours        Pois/Air       2%         N/A       30%         2
 Stone Arrow              Conj/Erth      12%        3d7       30%         3
 Petrify                  Tmut/Erth      8%         N/A       65%         4
 Corpse Rot               Necr/Pois/Air  1%         N/A       89%         4
 Olgreb's Toxic Radiance  Pois           1%         N/A       89%         4


Dungeon Overview and Level Annotations

Branches:
Dungeon (2/15) Zot: 10180

Altars:
Fedhas

Annotations:
D:2 Crazy Yiuf


Innate Abilities, Weirdness & Mutations

You regenerate a little health from kills.


Message History

The blast of sand hits the ball python!
You kill the ball python!
Unknown command.
There is a stone staircase leading down here.
Things that are here:
a +0 dagger; a goblin corpse
Found a hammer.
You see here a +2 hammer of draining.
Found seven hammers.
Found a runed translucent door.
You see here a +2 hammer of holy wrath.
Found a hammer.
Crazy Yiuf says, "Gnoll broken fast!"
You see here a +0 hammer.
Press: ? - help, v - describe, . - travel, g - get item Item here: a +2 hammer of holy wrath.
The floor.
Press: ? - help, v - describe, . - travel, g - get item
Here: Crazy Yiuf, wielding a +3 quarterstaff of chaos and wearing a +0 cloak (fire blocked by a runed translucent door) Item here: a hammer.
The floor.
You see here a +0 hammer.
Found two hammers and a runed hammer.
Crazy Yiuf says, "Earwax ena sow!"
You see here a +0 hammer.
You open the door.
You see here a +0 hammer.
Casting: Sandblast (safe; 5% risk of failure)
Confirm with . or Enter, or press ? or * to list all spells.
Aiming: Sandblast (safe; 5% risk of failure)
Press: ? - help, Shift-Dir - straight line, f - Crazy Yiuf
Aim: Crazy Yiuf, wielding a +3 quarterstaff of chaos and wearing a +0 cloak (84% to hit)
The blast of sand hits Crazy Yiuf.
Crazy Yiuf is moderately wounded.
Crazy Yiuf screams, "Ice!"
Crazy Yiuf hits you with a +3 quarterstaff of chaos!
Ouch! That really hurt!
Crazy Yiuf freezes you.
* * * LOW HITPOINT WARNING * * *
Crazy Yiuf hits you with a +3 quarterstaff of chaos.
You die...

##### #).)# #)))# ))) #'#
#g## ##@# #############
#)## #............ ##)#
###...######. ##)##
#.....# #. ##..)# ##....#
#. #P..P# ##...# #.
#....# #...# #<
####....#####...######.
###......................


You could see Crazy Yiuf.

Vanquished Creatures
  5 ball pythons
  A bat (D:1)
  3 endoplasms (D:1)
  5 goblins
  2 hobgoblins (D:1)
  5 kobolds
  A quokka (D:1)
  A frilled lizard (D:1)
  3 rats
26 creatures vanquished.

Notes
Turn   | Place    | Note
-------+----------+-------------------------------------------
     0 | D:1      | protoss039 the Demonspawn Earth Elementalist began the
                  | quest for the Orb.
     0 | D:1      | Reached XP level 1. HP: 13/13 MP: 3/3
   507 | D:1      | Gained mutation: You regenerate a little health from kills.
                  | [demonic ancestry]
   507 | D:1      | Reached XP level 2. HP: 20/20 MP: 3/5
   630 | D:1      | Reached skill level 1 in Fighting
   661 | D:1      | Reached skill level 3 in Earth Magic
  1214 | D:1      | Learned a level 2 spell: Passwall
  1303 | D:2      | Found a blossoming altar of Fedhas.
  1312 | D:2      | Found Nelozim's Jewellery Shop.
  1799 | D:2      | Found a runed translucent door.
  1800 | D:2      | Noticed Crazy Yiuf
  1805 | D:2      | Slain by Crazy Yiuf

Illustrated notes

Levels and vault maps discovered:
D:1:      minmay_arrival_three_doors, layout_loops_corners,
          minmay_misc_feat_five
D:2:      layout_basic, basic_altar, serial_shops, shop, minivault_5,
          st_stairs_3, uniq_robin, uniq_crazy_yiuf_cottage, uniq_sigmund

Skill      XL: |  1  2 |
---------------+-------+-----
Fighting       | 1 |  1.3
Earth Magic    | 3 |  3.1
Dodging        | |  1.7
Stealth        | |  1.7
Spellcasting   | |  2.4
Transmutations | |  0.8

Action                   || total
-------------------------++-------
Melee: Dagger            ||     7
 Cast: Sandblast         ||    30
       Passwall          ||     2
Armor: Robe              ||     3
Dodge: Dodged            ||     2
